PA
WASHINGTON GENERALS @ MANCELONA TORCH
09/05/2034
 
TOP OF THE 1ST
Washington Generals batting - Pitching for Mancelona Torch : LHP Jorge Oyas
Pitching: LHP Jorge Oyas
Batting: RHB Eun-bum Song 0-0: Fly out, F8 (Flyball, 89D)
Batting: RHB Charles Atkinson 0-0: Called Strike
0-1: Foul Ball, location: 2F
0-2: Ball
1-2: Ball
2-2: Ball
3-2: Base on Balls
Batting: RHB Fernando Acevedo 0-0: Ball
1-0: Called Strike
1-1: Foul Ball, location: 2F
1-2: Ball
2-2: Ground out 6-3 (Groundball, 56)
Charles Atkinson to second
Batting: RHB Ashton Bailey 0-0: Foul Ball, location: 2F
0-1: Foul Ball, location: 2F
0-2: Ball
Passed Ball!
Charles Atkinson to third
1-2: Ball
2-2: Strikes out swinging
Top of the 1st over - 0 runs, 0 hits, 0 errors, 1 left on base; Washington 0 - Mancelona 0
BOTTOM OF THE 1ST
Mancelona Torch batting - Pitching for Washington Generals : RHP Juan Carbajal
Pitching: RHP Juan Carbajal
Batting: LHB Charles Godard 0-0: Ball
1-0: Foul Ball, location: 2F
1-1: Ball
2-1: Foul Ball, location: 2F
2-2: SINGLE (Line Drive, 89M)
Batting: LHB Ed Holte 0-0: Ball
1-0: Called Strike
1-1: Foul Ball, location: 2F
1-2: SINGLE (Groundball, 34D)
Charles Godard to second
Runner from 2nd tries for 3rd, SAFE, no throw
Batting: LHB Basava Puri 0-0: Swinging Strike
0-1: Ball
1-1: Ball
2-1: Ball
3-1: Swinging Strike
3-2: Strikes out swinging
Batting: SHB Arend van der Veen 0-0: Ball
1-0: Ball
2-0: Foul Ball, location: 2F
2-1: Swinging Strike
2-2: Ball
3-2: Foul Ball, location: 2F
3-2: Base on Balls
Ed Holte to second
Batting: LHB Duncan Witteman 0-0: Ball
1-0: Fielders Choice at 2nd, 5-4 (Groundball, 5)
Charles Godard scores
Ed Holte to third
Batting: RHB Magtanggol Florencio 0-0: Ground out U3 (Groundball, 3L)
Bottom of the 1st over - 1 run, 2 hits, 0 errors, 2 left on base; Washington 0 - Mancelona 1
TOP OF THE 2ND
Washington Generals batting - Pitching for Mancelona Torch : LHP Jorge Oyas
Batting: RHB Robin Padilla 0-0: Called Strike
0-1: Ball
1-1: Ball
2-1: Foul Ball, location: 2F
2-2: Foul Ball, location: 2F
2-2: Ball
3-2: Fly out, F8 (Flyball, 8LD)
Batting: RHB Wen-hua Zhào 0-0: Ball
1-0: Fly out, F3 (Popup, 34S)
Batting: RHB Abel Murphy 0-0: Called Strike
0-1: Ground out 6-3 (Groundball, 6)
Top of the 2nd over - 0 runs, 0 hits, 0 errors, 0 left on base; Washington 0 - Mancelona 1
BOTTOM OF THE 2ND
Mancelona Torch batting - Pitching for Washington Generals : RHP Juan Carbajal
Batting: RHB Marty Aspen 0-0: Called Strike
0-1: Ball
1-1: Ball
2-1: Ball
3-1: SINGLE (Groundball, 56) (infield hit)
Batting: RHB Hjalmar Bisseling 0-0: Ball
Marty Aspen is caught stealing 2nd base
1-0: Called Strike
1-1: Swinging Strike
1-2: Fly out, F8 (Line Drive, 8LM)
Batting: SHB Carlos Morales 0-0: Ball
1-0: Ball
2-0: Ball
3-0: Called Strike
3-1: Base on Balls
Batting: LHB Charles Godard 0-0: Called Strike
0-1: Fly out, F8 (Flyball, 8RD)
Bottom of the 2nd over - 0 runs, 1 hit, 0 errors, 1 left on base; Washington 0 - Mancelona 1
TOP OF THE 3RD
Washington Generals batting - Pitching for Mancelona Torch : LHP Jorge Oyas
Batting: RHB Juan Echerearria 0-0: Ball
1-0: Ball
2-0: Called Strike
2-1: Foul Ball, location: 2F
2-2: Ball
3-2: Foul Ball, location: 2F
3-2: Strikes out swinging
Batting: LHB Mike O'Neil 0-0: Ball
1-0: Called Strike
1-1: Called Strike
1-2: Ball
2-2: Strikes out swinging
Batting: RHB Eun-bum Song 0-0: Ball
1-0: Fly out, F9 (Flyball, 9LSF)
Top of the 3rd over - 0 runs, 0 hits, 0 errors, 0 left on base; Washington 0 - Mancelona 1
BOTTOM OF THE 3RD
Mancelona Torch batting - Pitching for Washington Generals : RHP Juan Carbajal
Batting: LHB Ed Holte 0-0: Called Strike
0-1: Ball
1-1: Foul Ball, location: 2F
1-2: Ground out 6-3 (Groundball, 56)
Batting: LHB Basava Puri 0-0: Ball
1-0: Swinging Strike
1-1: Foul Ball, location: 2F
1-2: Ball
2-2: Ball
3-2: DOUBLE (Flyball, 89D)
Batting: SHB Arend van der Veen 0-0: Ball
1-0: Called Strike
1-1: Ball
2-1: SINGLE (Line Drive, 6D)
Basava Puri to third
Runner from 3rd tries for Home, SAFE, no throw
Batting: LHB Duncan Witteman 0-0: Ball
1-0: Called Strike
1-1: Swinging Strike
1-2: Foul Ball, location: 2F
1-2: Ball
2-2: Grounds into double play, 4-6-3 (Groundball, 4M)
Bottom of the 3rd over - 1 run, 2 hits, 0 errors, 0 left on base; Washington 0 - Mancelona 2
TOP OF THE 4TH
Washington Generals batting - Pitching for Mancelona Torch : LHP Jorge Oyas
Batting: RHB Charles Atkinson 0-0: Ball
1-0: Called Strike
1-1: Ball
2-1: Called Strike
2-2: Foul Ball, location: 2F
2-2: Fly out, F9 (Flyball, 89S)
Batting: RHB Fernando Acevedo 0-0: Ball
1-0: Called Strike
1-1: Foul Ball, location: 2F
1-2: Fly out, F9 (Flyball, 9)
Batting: RHB Ashton Bailey 0-0: Ball
1-0: Called Strike
1-1: Swinging Strike
1-2: Ball
2-2: Foul Ball, location: 2F
2-2: Strikes out swinging
Top of the 4th over - 0 runs, 0 hits, 0 errors, 0 left on base; Washington 0 - Mancelona 2
BOTTOM OF THE 4TH
Mancelona Torch batting - Pitching for Washington Generals : RHP Juan Carbajal
Batting: RHB Magtanggol Florencio 0-0: Ball
1-0: Ground out 5-3 (Groundball, 56)
Batting: RHB Marty Aspen 0-0: Ground out U3 (Groundball, 34)
Batting: RHB Hjalmar Bisseling 0-0: Ball
1-0: Called Strike
1-1: Swinging Strike
1-2: Fly out, F8 (Flyball, 8RD)
Bottom of the 4th over - 0 runs, 0 hits, 0 errors, 0 left on base; Washington 0 - Mancelona 2
TOP OF THE 5TH
Washington Generals batting - Pitching for Mancelona Torch : LHP Jorge Oyas
Batting: RHB Robin Padilla 0-0: Ball
1-0: Ball
2-0: Ball
3-0: Swinging Strike
3-1: Base on Balls
Batting: RHB Wen-hua Zhào 0-0: Ball
1-0: Foul Ball, location: 2F
1-1: Called Strike
1-2: Foul Ball, location: 2F
1-2: Ball
2-2: Strikes out swinging
Batting: RHB Abel Murphy 0-0: Swinging Strike
0-1: Swinging Strike
0-2: Strikes out swinging
Batting: RHB Juan Echerearria 0-0: Ball
1-0: Called Strike
1-1: Ball
2-1: Foul Ball, location: 2F
2-2: Ball
3-2: Base on Balls
Robin Padilla to second
Batting: LHB Mike O'Neil 0-0: Ball
1-0: Ball
2-0: Fly out, F3 (Popup, 3S)
Top of the 5th over - 0 runs, 0 hits, 0 errors, 2 left on base; Washington 0 - Mancelona 2
BOTTOM OF THE 5TH
Mancelona Torch batting - Pitching for Washington Generals : RHP Juan Carbajal
Batting: SHB Carlos Morales 0-0: Ball
1-0: Foul Ball, location: 2F
1-1: Ball
2-1: Fly out, F8 (Flyball, 8LM)
Batting: LHB Charles Godard 0-0: SINGLE (Groundball, 6M) (infield hit)
Batting: LHB Ed Holte 0-0: Called Strike
0-1: Swinging Strike
0-2: Strikes out looking
Batting: LHB Basava Puri 0-0: Ball
1-0: SINGLE (Groundball, 6MD)
Charles Godard to second
Runner from 2nd tries for 3rd, OUT!
Bottom of the 5th over - 0 runs, 2 hits, 0 errors, 1 left on base; Washington 0 - Mancelona 2
TOP OF THE 6TH
Washington Generals batting - Pitching for Mancelona Torch : LHP Jorge Oyas
Batting: RHB Eun-bum Song 0-0: Swinging Strike
0-1: Swinging Strike
0-2: Strikes out swinging
Batting: RHB Charles Atkinson 0-0: Called Strike
0-1: Ball
1-1: Foul Ball, location: 2F
1-2: Ball
2-2: Ball
3-2: Foul Ball, location: 2F
3-2: SINGLE (Groundball, 6D)
Batting: RHB Fernando Acevedo 0-0: Ball
1-0: Foul Ball, location: 2F
1-1: SINGLE (Line Drive, 7S)
Charles Atkinson to second
Batting: RHB Ashton Bailey 0-0: Ball
1-0: Ground out 5-3 (Groundball, 56S)
Charles Atkinson to third
Fernando Acevedo to second
Batting: RHB Robin Padilla 0-0: Foul Ball, location: 2F
0-1: Called Strike
0-2: Ball
1-2: Foul Ball, location: 2F
1-2: Hit by Pitch
Batting: RHB Wen-hua Zhào 0-0: Called Strike
0-1: Ball
1-1: Foul Ball, location: 2F
1-2: Ball
2-2: Ball
3-2: Strikes out swinging
Top of the 6th over - 0 runs, 2 hits, 0 errors, 3 left on base; Washington 0 - Mancelona 2
BOTTOM OF THE 6TH
Mancelona Torch batting - Pitching for Washington Generals : RHP Juan Carbajal
Batting: SHB Arend van der Veen 0-0: Called Strike
0-1: Ball
1-1: Foul Ball, location: 2F
1-2: Foul Ball, location: 2F
1-2: Ball
2-2: Ball
3-2: Base on Balls
Batting: LHB Duncan Witteman 0-0: Ball
1-0: Foul Ball, location: 2F
1-1: Ball
2-1: Fly out, F7 (Flyball, 7S)
Batting: RHB Magtanggol Florencio 0-0: Foul Ball, location: 2F
0-1: SINGLE (Groundball, 25) (infield hit)
Arend van der Veen to second
Batting: RHB Marty Aspen 0-0: Ball
1-0: Foul Ball, location: 2F
1-1: Fly out, F4 (Line Drive, 34)
Batting: RHB Hjalmar Bisseling 0-0: Called Strike
0-1: Ball
1-1: Ball
2-1: Called Strike
2-2: Ground out 4-3 (Groundball, 4)
Bottom of the 6th over - 0 runs, 1 hit, 0 errors, 2 left on base; Washington 0 - Mancelona 2
TOP OF THE 7TH
Washington Generals batting - Pitching for Mancelona Torch : LHP Jorge Oyas
Batting: RHB Abel Murphy 0-0: Ball
1-0: Ball
2-0: Called Strike
2-1: Ground out 5-3 (Groundball, 5S)
Batting: RHB Juan Echerearria 0-0: Called Strike
0-1: Ball
1-1: Ball
2-1: Ground out 3-1 (Groundball, 34S)
Batting: LHB Mike O'Neil 0-0: Ball
1-0: Ball
2-0: DOUBLE (Flyball, 78XD)
Batting: RHB Eun-bum Song 0-0: Ground out 6-3 (Groundball, 6S)
Top of the 7th over - 0 runs, 1 hit, 0 errors, 1 left on base; Washington 0 - Mancelona 2
BOTTOM OF THE 7TH
Mancelona Torch batting - Pitching for Washington Generals : RHP Juan Carbajal
Batting: SHB Carlos Morales 0-0: Ball
1-0: Ground out U3 (Groundball, 3)
Batting: LHB Charles Godard 0-0: SINGLE (Line Drive, 4MD)
Batting: LHB Ed Holte 0-0: Called Strike
0-1: Called Strike
0-2: Ball
1-2: Foul Ball, location: 2F
1-2: Ball
2-2: Fly out, F9 (Flyball, 9S)
Batting: LHB Basava Puri 0-0: Ball
1-0: Ball
2-0: DOUBLE (Groundball, 3L)
Charles Godard to third
Pitching: RHP Bo Zhào
Batting: SHB Arend van der Veen 0-0: Ball
1-0: Fly out, F8 (Line Drive, 89D)
Bottom of the 7th over - 0 runs, 2 hits, 0 errors, 2 left on base; Washington 0 - Mancelona 2
TOP OF THE 8TH
Washington Generals batting - Pitching for Mancelona Torch : LHP Jorge Oyas
Pitching: RHP Marty McFly
Batting: RHB Charles Atkinson 0-0: Ball
1-0: Ground out 6-3 (Groundball, 6)
Batting: RHB Fernando Acevedo 0-0: Called Strike
0-1: Ball
1-1: Ball
2-1: Foul Ball, location: 2F
2-2: Ground out 6-3 (Groundball, 6)
Batting: RHB Ashton Bailey 0-0: Foul Ball, location: 2F
0-1: Foul Ball, location: 2F
0-2: Ball
1-2: Ball
2-2: Foul Ball, location: 2F
2-2: Foul Ball, location: 2F
2-2: Ball
3-2: Fly out, F8 (Flyball, 78XD)
Top of the 8th over - 0 runs, 0 hits, 0 errors, 0 left on base; Washington 0 - Mancelona 2
BOTTOM OF THE 8TH
Mancelona Torch batting - Pitching for Washington Generals : RHP Bo Zhào
Batting: LHB Duncan Witteman 0-0: Called Strike
0-1: Foul Ball, location: 2F
0-2: Ground out 4-3 (Groundball, 4)
Batting: RHB Magtanggol Florencio 0-0: Foul Ball, location: 2F
0-1: Ground out 6-3 (Groundball, 56)
Batting: RHB Marty Aspen 0-0: Ball
1-0: Ball
2-0: Ball
3-0: Called Strike
3-1: Called Strike
3-2: Strikes out looking
Bottom of the 8th over - 0 runs, 0 hits, 0 errors, 0 left on base; Washington 0 - Mancelona 2
TOP OF THE 9TH
Washington Generals batting - Pitching for Mancelona Torch : RHP Marty McFly
Batting: RHB Robin Padilla 0-0: Foul Ball, location: 2F
0-1: Swinging Strike
0-2: Strikes out looking
Batting: RHB Wen-hua Zhào 0-0: Called Strike
0-1: Called Strike
0-2: Strikes out looking
Batting: RHB Abel Murphy 0-0: Called Strike
0-1: Ball
1-1: Ball
2-1: Fly out, F8 (Flyball, 8LS)
Top of the 9th over - 0 runs, 0 hits, 0 errors, 0 left on base; Washington 0 - Mancelona 2
Friday, March 29th, 2019 - OOTP Baseball 18.8 Build 76